SL
LEXINGTON LEMMINGS @ LAS VEGAS FLAMINGOS
09/29/2020
 
TOP OF THE 1ST
Lexington Lemmings batting - Pitching for Las Vegas Flamingos : RHP Culley Sandoval
Pitching: RHP Culley Sandoval
Batting: LHB Charles Mathes 0-0: Called Strike
0-1: Ball
1-1: Foul Ball, location: 2F
1-2: Ball
2-2: Ball
3-2: Strikes out looking
Batting: RHB Júlio Morín 0-0: Called Strike
0-1: Foul Ball, location: 2F
0-2: SOLO HOME RUN (Flyball, 78XD), Distance : 433 ft
Batting: RHB Juan Cabrera 0-0: Ball
1-0: Ball
2-0: Ball
3-0: Called Strike
3-1: Ground out 5-3 (Groundball, 56S)
Batting: LHB Félix Pérez 0-0: Swinging Strike
0-1: Foul Ball, location: 2F
0-2: Fly out, F8 (Flyball, 8LD)
Top of the 1st over - 1 run(s), 1 hit(s), 0 error(s), 0 left on base; Lexington 1 - Las Vegas 0
BOTTOM OF THE 1ST
Las Vegas Flamingos batting - Pitching for Lexington Lemmings : RHP José Alaniz
Pitching: RHP José Alaniz
Batting: RHB Travis Newsome 0-0: Ball
1-0: SINGLE (Groundball, 13) (infield hit)
Batting: LHB José Meléndez 0-0: Called Strike
0-1: Ball
1-1: SINGLE (Groundball, 4MD)
Travis Newsome to second
Runner from 2nd tries for 3rd, SAFE, throw made to third
José Meléndez to second
Batting: RHB Bill Taylor 0-0: Called Strike
0-1: Ball
1-1: DOUBLE (Line Drive, 7LM)
Travis Newsome scores
José Meléndez scores
Batting: RHB Jeff Young 0-0: Ball
1-0: SINGLE (Line Drive, 78M)
Bill Taylor to third
Batting: RHB Matt Sheppard 0-0: Ball
Wild Pitch!
Bill Taylor scores
Jeff Young to second
1-0: Ground out 6-3 (Groundball, 6M)
Jeff Young to third
Batting: LHB Ron Goodwin 0-0: Called Strike
0-1: SINGLE (Line Drive, 89S)
Jeff Young scores
Batting: RHB Steven Talley 0-0: Ball
1-0: Fly out, F8 (Flyball, 8LXD)
Batting: RHB Terry Sylvester 0-0: Ball
1-0: Ball
Wild Pitch!
Ron Goodwin to second
2-0: Ball
3-0: Called Strike
3-1: Swinging Strike
3-2: SINGLE (Line Drive, 7S)
Ron Goodwin to third
Ron Goodwin scores
Batting: RHB Culley Sandoval 0-0: Called Strike
0-1: Swinging Strike
0-2: Ground out 4-3 (Groundball, 4)
Bottom of the 1st over - 5 run(s), 6 hit(s), 0 error(s), 1 left on base; Lexington 1 - Las Vegas 5
TOP OF THE 2ND
Lexington Lemmings batting - Pitching for Las Vegas Flamingos : RHP Culley Sandoval
Batting: RHB Júlio Gruzmán 0-0: Foul Ball, location: 2F
0-1: Swinging Strike
0-2: Strikes out swinging
Batting: LHB Jeff Walsh 0-0: Called Strike
0-1: Ball
1-1: SINGLE (Line Drive, 78S)
Batting: RHB Gustavo Mateo 0-0: Fly out, F7 (Flyball, 78M)
Batting: SHB José Carlos Nieves Pickoff Throw to First - Out!
Top of the 2nd over - 0 run(s), 1 hit(s), 0 error(s), 0 left on base; Lexington 1 - Las Vegas 5
BOTTOM OF THE 2ND
Las Vegas Flamingos batting - Pitching for Lexington Lemmings : RHP José Alaniz
Batting: RHB Travis Newsome 0-0: Ball
1-0: Swinging Strike
1-1: Ball
2-1: Ground out 5-3 (Groundball, 56S)
Batting: LHB José Meléndez 0-0: Ball
1-0: Called Strike
1-1: Ball
2-1: Foul Ball, location: 2F
2-2: Ball
3-2: Strikes out swinging
Batting: RHB Bill Taylor 0-0: Fly out, F6 (Popup, 6MS)
Bottom of the 2nd over - 0 run(s), 0 hit(s), 0 error(s), 0 left on base; Lexington 1 - Las Vegas 5
TOP OF THE 3RD
Lexington Lemmings batting - Pitching for Las Vegas Flamingos : RHP Culley Sandoval
Batting: SHB José Carlos Nieves 0-0: Ball
1-0: Called Strike
1-1: Called Strike
1-2: Ball
2-2: Strikes out swinging, 2-3 out at first.
Batting: RHB José Alaniz 0-0: Swinging Strike
0-1: Ball
1-1: Ball
2-1: Foul Ball, location: 2F
2-2: Ball
3-2: Ground out 5-3 (Groundball, 5S)
Batting: LHB Charles Mathes 0-0: Ball
1-0: Ball
2-0: Foul Ball, location: 2F
2-1: Fly out, F3 (Line Drive, 3L)
Top of the 3rd over - 0 run(s), 0 hit(s), 0 error(s), 0 left on base; Lexington 1 - Las Vegas 5
BOTTOM OF THE 3RD
Las Vegas Flamingos batting - Pitching for Lexington Lemmings : RHP José Alaniz
Batting: RHB Jeff Young 0-0: Ball
1-0: SINGLE (Line Drive, 8LS)
Batting: RHB Matt Sheppard 0-0: Swinging Strike
0-1: Called Strike
0-2: Foul Ball, location: 2F
0-2: Ball
1-2: Fly out, F6 (Popup, 8LS)
Batting: LHB Ron Goodwin 0-0: Called Strike
0-1: Swinging Strike
0-2: SINGLE (Groundball, 3S)
Jeff Young to second
Runner from 2nd tries for 3rd, SAFE, throw made to third
Batting: RHB Steven Talley 0-0: Grounds into double play, 6-4-3 (Groundball, 6)
Bottom of the 3rd over - 0 run(s), 2 hit(s), 0 error(s), 1 left on base; Lexington 1 - Las Vegas 5
TOP OF THE 4TH
Lexington Lemmings batting - Pitching for Las Vegas Flamingos : RHP Culley Sandoval
Batting: RHB Júlio Morín 0-0: Fly out, F7 (Flyball, 78S)
Batting: RHB Juan Cabrera 0-0: Ball
1-0: SINGLE (Line Drive, 8LS)
Batting: LHB Félix Pérez 0-0: Called Strike
0-1: Ball
1-1: Called Strike
Juan Cabrera is caught stealing 2nd base
1-2: SINGLE (Groundball, 4M)
Batting: RHB Júlio Gruzmán 0-0: 2-RUN HOME RUN (Flyball, 7D), Distance : 391 ft
Batting: LHB Jeff Walsh 0-0: Ball
1-0: Swinging Strike
1-1: Foul Ball, location: 2F
1-2: Ball
2-2: Ball
3-2: Foul Ball, location: 2F
3-2: Ground out 4-3 (Groundball, 34)
Top of the 4th over - 2 run(s), 3 hit(s), 0 error(s), 0 left on base; Lexington 3 - Las Vegas 5
BOTTOM OF THE 4TH
Las Vegas Flamingos batting - Pitching for Lexington Lemmings : RHP José Alaniz
Batting: RHB Terry Sylvester 0-0: Fly out, F7 (Flyball, 7D)
Batting: RHB Culley Sandoval 0-0: Called Strike
0-1: Ball
1-1: Foul Ball, location: 2F
1-2: Strikes out swinging
Batting: RHB Travis Newsome 0-0: Fly out, F8 (Flyball, 8LM)
Bottom of the 4th over - 0 run(s), 0 hit(s), 0 error(s), 0 left on base; Lexington 3 - Las Vegas 5
TOP OF THE 5TH
Lexington Lemmings batting - Pitching for Las Vegas Flamingos : RHP Culley Sandoval
Batting: RHB Gustavo Mateo 0-0: Ball
1-0: Foul Ball, location: 2F
1-1: Ground out 5-3 (Groundball, 56S)
Batting: SHB José Carlos Nieves 0-0: Ball
1-0: Foul Ball, location: 2F
1-1: Called Strike
1-2: Ball
2-2: Strikes out swinging
Batting: RHB José Alaniz 0-0: Ball
1-0: Ground out 6-3 (Groundball, 6)
Top of the 5th over - 0 run(s), 0 hit(s), 0 error(s), 0 left on base; Lexington 3 - Las Vegas 5
BOTTOM OF THE 5TH
Las Vegas Flamingos batting - Pitching for Lexington Lemmings : RHP José Alaniz
Batting: LHB José Meléndez 0-0: Ball
1-0: Ball
2-0: Ball
3-0: Base on Balls
Batting: RHB Bill Taylor 0-0: Called Strike
0-1: Hit by Pitch
José Meléndez to second
Batting: RHB Jeff Young 0-0: Called Strike
0-1: Ball
1-1: Swinging Strike
1-2: Ball
2-2: Reaches on Catchers interference
José Meléndez to third
Bill Taylor to second
Batting: RHB Matt Sheppard 0-0: Called Strike
0-1: Foul Ball, location: 2F
0-2: Ball
1-2: Ball
2-2: Grounds into fielders choice 6-2 (Groundball, 6M)
Bill Taylor to third
Jeff Young to second
Batting: LHB Ron Goodwin 0-0: Ball
1-0: Fly out, F8 (Flyball, 89M)
Runner from 3rd tags up, SCORES, no throw
Pitching: LHP Hallinan Udny
Batting: RHB Steven Talley 0-0: Ball
1-0: Called Strike
1-1: Ball
2-1: Foul Ball, location: 2F
2-2: Ground out 6-3 (Groundball, 6)
Bottom of the 5th over - 1 run(s), 0 hit(s), 1 error(s), 2 left on base; Lexington 3 - Las Vegas 6
TOP OF THE 6TH
Lexington Lemmings batting - Pitching for Las Vegas Flamingos : RHP Culley Sandoval
Batting: LHB Charles Mathes 0-0: Called Strike
0-1: Foul Ball, location: 2F
0-2: Ground out 3-1 (Groundball, 3L)
Batting: RHB Júlio Morín 0-0: Ball
1-0: Foul Ball, location: 2F
1-1: Ball
2-1: Ground out 5-3 (Groundball, 56)
Batting: RHB Juan Cabrera 0-0: Ball
1-0: Ball
2-0: Ball
3-0: Called Strike
3-1: Called Strike
3-2: Foul Ball, location: 2F
3-2: Reached on error, E6 (Groundball, 6)
Batting: LHB Félix Pérez 0-0: Ball
1-0: Foul Ball, location: 2F
1-1: Ball
2-1: DOUBLE (Line Drive, 7LS)
Juan Cabrera to third
Runner from 3rd tries for Home, SAFE, no throw or cutoff
Batting: RHB Júlio Gruzmán 0-0: Ground out 4-3 (Groundball, 4M)
Top of the 6th over - 1 run(s), 1 hit(s), 1 error(s), 1 left on base; Lexington 4 - Las Vegas 6
BOTTOM OF THE 6TH
Las Vegas Flamingos batting - Pitching for Lexington Lemmings : LHP Hallinan Udny
Batting: RHB Terry Sylvester 0-0: Fly out, F2 (Popup, 23F)
Batting: RHB Culley Sandoval 0-0: Called Strike
0-1: Foul Ball, location: 2F
0-2: Foul Ball, location: 2F
0-2: Foul Ball, location: 2F
0-2: Ball
1-2: Ball
2-2: Fly out, F4 (Popup, 3)
Batting: RHB Travis Newsome 0-0: Ball
1-0: Swinging Strike
1-1: Swinging Strike
1-2: Ball
2-2: Ball
3-2: Base on Balls
Batting: LHB José Meléndez 0-0: Fly out, F7 (Flyball, 7M)
Bottom of the 6th over - 0 run(s), 0 hit(s), 0 error(s), 1 left on base; Lexington 4 - Las Vegas 6
TOP OF THE 7TH
Lexington Lemmings batting - Pitching for Las Vegas Flamingos : RHP Culley Sandoval
Batting: LHB Jeff Walsh 0-0: Called Strike
0-1: Ball
1-1: Ball
2-1: Foul Ball, location: 2F
2-2: Ball
3-2: Ground out 6-3 (Groundball, 6)
Batting: RHB Gustavo Mateo 0-0: Ball
1-0: Ball
2-0: Ball
3-0: Foul Ball, location: 2F
3-1: Swinging Strike
3-2: Foul Ball, location: 2F
3-2: Strikes out swinging
Batting: SHB José Carlos Nieves 0-0: Foul Ball, location: 2F
0-1: Ball
1-1: Fly out, F8 (Line Drive, 8LM)
Top of the 7th over - 0 run(s), 0 hit(s), 0 error(s), 0 left on base; Lexington 4 - Las Vegas 6
BOTTOM OF THE 7TH
Las Vegas Flamingos batting - Pitching for Lexington Lemmings : LHP Hallinan Udny
Batting: RHB Bill Taylor 0-0: Called Strike
0-1: Fly out, F9 (Flyball, 9D)
Batting: RHB Jeff Young 0-0: Called Strike
0-1: Ball
1-1: Ground out 6-3 (Groundball, 6)
Batting: RHB Matt Sheppard 0-0: Called Strike
0-1: Ball
1-1: Ball
2-1: Fly out, F8 (Flyball, 8LXD)
Bottom of the 7th over - 0 run(s), 0 hit(s), 0 error(s), 0 left on base; Lexington 4 - Las Vegas 6
TOP OF THE 8TH
Lexington Lemmings batting - Pitching for Las Vegas Flamingos : RHP Culley Sandoval
Pinch Hitting: LHB Brad Elmore 0-0: Ball
1-0: Called Strike
1-1: Ball
2-1: Ball
3-1: Foul Ball, location: 2F
3-2: Ground out U3 (Groundball, 3S)
Batting: LHB Charles Mathes 0-0: Swinging Strike
0-1: Ball
1-1: Foul Ball, location: 2F
1-2: Strikes out looking
Batting: RHB Júlio Morín 0-0: Foul Ball, location: 2F
0-1: Swinging Strike
0-2: Fly out, F8 (Flyball, 78XD)
Top of the 8th over - 0 run(s), 0 hit(s), 0 error(s), 0 left on base; Lexington 4 - Las Vegas 6
BOTTOM OF THE 8TH
Las Vegas Flamingos batting - Pitching for Lexington Lemmings : LHP Hallinan Udny
Pitching: RHP Melvin González
Batting: LHB Ron Goodwin 0-0: Ball
1-0: Called Strike
1-1: Ball
2-1: SINGLE (Groundball, 4MD)
Batting: RHB Steven Talley 0-0: Ball
1-0: Bunted foul
1-1: Bunt missed!
1-2: Ball
2-2: Ball
3-2: DOUBLE (Flyball, 89XD)
Ron Goodwin to third
Batting: RHB Terry Sylvester 0-0: Ball
1-0: Called Strike
1-1: DOUBLE (Flyball, 78D)
Ron Goodwin scores
Steven Talley scores
Pinch Hitting: RHB Manny Freitas 0-0: Called Strike
0-1: Fly out, F3 (Popup, 23F)
Batting: RHB Travis Newsome 0-0: Ball
1-0: Called Strike
1-1: Called Strike
1-2: Fly out, F9 (Flyball, 89XD)
Runner from 2nd tags up, SAFE at 3rd, no throw
Batting: LHB José Meléndez 0-0: Ball
1-0: Foul Ball, location: 2F
1-1: Ball
2-1: Ball
3-1: Base on Balls
Batting: RHB Bill Taylor 0-0: Ball
1-0: Ball
2-0: Foul Ball, location: 2F
2-1: Ball
3-1: Called Strike
3-2: Base on Balls
José Meléndez to second
Pitching: RHP Javier López
Batting: RHB Jeff Young 0-0: Called Strike
0-1: Ball
1-1: Ball
2-1: Called Strike
2-2: Strikes out swinging
Bottom of the 8th over - 2 run(s), 3 hit(s), 0 error(s), 3 left on base; Lexington 4 - Las Vegas 8
TOP OF THE 9TH
Lexington Lemmings batting - Pitching for Las Vegas Flamingos : RHP Culley Sandoval
Pitching: RHP Jeff Pearson
Batting: RHB Juan Cabrera 0-0: Swinging Strike
0-1: Swinging Strike
0-2: Hit by Pitch
Batting: LHB Félix Pérez 0-0: Ball
1-0: Called Strike
1-1: Foul Ball, location: 2F
1-2: SINGLE (Groundball, 34S)
Juan Cabrera to second
Runner from 2nd tries for 3rd, SAFE, no throw or cutoff
Pitching: RHP Augusto Dávila
Batting: RHB Júlio Gruzmán 0-0: Ball
1-0: Called Strike
1-1: Foul Ball, location: 2F
1-2: Strikes out swinging
Batting: LHB Jeff Walsh 0-0: Reached on error, E4 (Groundball, 4)
Juan Cabrera scores
Félix Pérez to second
Pinch Hitting: RHB Yoshiyuki Sasaki 0-0: Ball
1-0: Swinging Strike
1-1: Ball
2-1: DOUBLE (Line Drive, 8LD)
Félix Pérez scores
Jeff Walsh to third
Batting: SHB José Carlos Nieves 0-0: Ball
1-0: Ball
2-0: Swinging Strike
2-1: 3-RUN HOME RUN (Flyball, 9D), Distance : 402 ft
Pitching: RHP Tony Hernández
Pinch Hitting: RHB Cory Staton 0-0: Ground out 4-3 (Groundball, 4M)
Batting: LHB Charles Mathes 0-0: Called Strike
0-1: Foul Ball, location: 2F
0-2: Strikes out swinging
Top of the 9th over - 5 run(s), 3 hit(s), 1 error(s), 0 left on base; Lexington 9 - Las Vegas 8
BOTTOM OF THE 9TH
Las Vegas Flamingos batting - Pitching for Lexington Lemmings : RHP Javier López
Pitching: RHP Gabriel Hidalgo
Now at 3B: Reece White
Batting: RHB Matt Sheppard 0-0: Foul Ball, location: 2F
0-1: Swinging Strike
0-2: Ball
1-2: Foul Ball, location: 2F
1-2: Ball
2-2: SINGLE (Groundball, 56)
Batting: LHB Ron Goodwin 0-0: Fly out, F8 (Line Drive, 8RD)
Batting: RHB Steven Talley 0-0: Ball
1-0: Ball
2-0: Ball
3-0: Base on Balls
Matt Sheppard to second
Batting: RHB Terry Sylvester 0-0: SINGLE (Groundball, 34)
Matt Sheppard to third
Steven Talley to second
Runner from 3rd tries for Home, SAFE, throw made home
Steven Talley to third
Terry Sylvester to second
Pinch Hitting: RHB David Gómez 0-0: Intentional Walk
Batting: RHB Travis Newsome 0-0: Ball
1-0: Ball
2-0: Called Strike
2-1: Foul Ball, location: 2F
2-2: Ball
3-2: Strikes out swinging
Batting: LHB José Meléndez 0-0: Called Strike
0-1: Ball
1-1: Fly out, F8 (Line Drive, 8LM)
Bottom of the 9th over - 1 run(s), 2 hit(s), 0 error(s), 3 left on base; Lexington 9 - Las Vegas 9
TOP OF THE 10TH
Lexington Lemmings batting - Pitching for Las Vegas Flamingos : RHP Tony Hernández
Pitching: RHP Bob Warford
Batting: RHB Júlio Morín 0-0: Called Strike
0-1: Fly out, F8 (Flyball, 8RM)
Batting: RHB Juan Cabrera 0-0: Fly out, F7 (Flyball, 7M)
Batting: LHB Félix Pérez 0-0: Called Strike
0-1: Swinging Strike
0-2: Strikes out swinging
Top of the 10th over - 0 run(s), 0 hit(s), 0 error(s), 0 left on base; Lexington 9 - Las Vegas 9
BOTTOM OF THE 10TH
Las Vegas Flamingos batting - Pitching for Lexington Lemmings : RHP Gabriel Hidalgo
Batting: RHB Bill Taylor 0-0: Called Strike
0-1: Ball
1-1: Called Strike
1-2: SINGLE (Flyball, 6MD)
Batting: RHB Jeff Young 0-0: Called Strike
0-1: Ball
1-1: Ball
2-1: Fly out, F7 (Flyball, 7M)
Batting: RHB Matt Sheppard 0-0: Ball
1-0: Foul Ball, location: 2F
1-1: Grounds into double play, 6-4-3 (Groundball, 6)
Bottom of the 10th over - 0 run(s), 1 hit(s), 0 error(s), 0 left on base; Lexington 9 - Las Vegas 9
TOP OF THE 11TH
Lexington Lemmings batting - Pitching for Las Vegas Flamingos : RHP Bob Warford
Batting: RHB Júlio Gruzmán 0-0: Called Strike
0-1: Ball
1-1: Swinging Strike
1-2: SOLO HOME RUN (Flyball, 78XD), Distance : 430 ft
Batting: LHB Jeff Walsh 0-0: Fly out, F7 (Line Drive, 78S)
Batting: RHB Reece White 0-0: Ball
1-0: Called Strike
1-1: Ball
2-1: Foul Ball, location: 2F
2-2: Ball
3-2: Foul Ball, location: 2F
3-2: Base on Balls
Batting: SHB José Carlos Nieves 0-0: Called Strike
0-1: Swinging Strike
0-2: Ball
1-2: Strikes out looking
Batting: RHB Gabriel Hidalgo 0-0: Ball
1-0: Swinging Strike
1-1: Foul Ball, location: 2F
1-2: Ball
2-2: Ball
3-2: SINGLE (Groundball, 56D)
Reece White to second
Reece White to third
Batting: LHB Charles Mathes 0-0: Called Strike
0-1: Ball
1-1: Ball
2-1: Swinging Strike
2-2: Fly out, F6 (Line Drive, 56D)
Top of the 11th over - 1 run(s), 2 hit(s), 0 error(s), 2 left on base; Lexington 10 - Las Vegas 9
BOTTOM OF THE 11TH
Las Vegas Flamingos batting - Pitching for Lexington Lemmings : RHP Gabriel Hidalgo
Pitching: RHP Austin Abbott
Batting: LHB Ron Goodwin 0-0: Ball
1-0: Foul Ball, location: 2F
1-1: Foul Ball, location: 2F
1-2: Ball
2-2: Ball
3-2: Ground out 4-3 (Groundball, 4)
Batting: RHB Steven Talley 0-0: Called Strike
0-1: Ball
1-1: Ball
2-1: Ball
3-1: Base on Balls
Batting: RHB Terry Sylvester 0-0: Ball
1-0: Ball
2-0: Ball
3-0: Called Strike
3-1: Base on Balls
Steven Talley to second
Pinch Hitting: RHB Floyd Mitchell 0-0: Foul Ball, location: 2F
0-1: Ball
Wild Pitch!
Steven Talley to third
Terry Sylvester to second
1-1: Foul Ball, location: 2F
1-2: SINGLE (Groundball, 13) (infield hit)
Steven Talley scores
Terry Sylvester to third
Pinch Runner at 1st Ricardo Cruz:
Batting: RHB Travis Newsome 0-0: Foul Ball, location: 2F
0-1: Fly out, F8 (Flyball, 8RM)
Runner from 3rd tags up, SCORES, no throw
This league is powered by Out of the Park Baseball, the baseball management simulation game for PC, Mac and Linux
Friday, October 23rd, 2015 - OOTP Baseball 16.9 Build 39